Map: Deathaura LE

Players

Vindicta

  • Race: Terran Terran
  • League: Master
  • Spawn Location: 5:00

DisK - Winner!

  • Race: Protoss Protoss
  • Spawn Location: 11:00

Event: DreamHack SC2 Masters 2020 Winter

VOD

Have the link to the VOD?

Description

Time

  • Played on: Nov. 1, 2020, 2:39 p.m.
  • Length: 12:21

All games in this series

Show
View Real Time Build Order
Export as new Build Order

Vindicta Terran 

Build Orders: Reaper Expand, Banshee Rush 

Get SALT Encoding   

  12  0:00  SCV  
  13  0:12  SCV  
  14  0:17  Supply Depot  
  14  0:24  SCV  
  15  0:39  SCV  
  15  0:40  Barracks  
  16  0:44  Refinery  
  16  0:51  SCV  
  17  1:03  SCV  
  18  1:15  SCV  
  19  1:29  Reaper  
  19  1:30  Orbital Command  
  20  1:40  Bunker  
  20  1:47  Command Center  
  20  1:56  Supply Depot  
  20  1:58  SCV  
  21  2:02  Marine  
  22  2:10  SCV  
  22  2:15  Factory  
  23  2:23  SCV, Marine  
  23  2:25  Refinery  
  25  2:32  Bunker  
  25  2:35  SCV  
  26  2:47  SCV  
  26  2:48  Barracks Reactor  
  27  2:59  SCV, Hellion, Starport  
  30  3:06  Orbital Command  
  30  3:11  SCV  
  31  3:21  Factory Tech Lab  
  31  3:24  Marine x2  
  33  3:28  SCV  
  33  3:31  Supply Depot  
  33  3:34  SCV  
  35  3:40  SCV  
  36  3:42  Marine x2  
  36  3:46  SCV  
  38  3:49  Factory Tech Lab  
  38  3:52  SCV  
  38  3:54  Cloaking Field, Banshee  
  40  3:58  SCV  
  40  3:59  Marine  
  40  4:00  Marine  
  43  4:05  SCV  
  43  4:08  Siege Tank  
  47  4:10  SCV  
  48  4:20  Command Center  
  48  4:21  SCV  
  48  4:23  SCV  
  50  4:27  Marine  
  50  4:28  Supply Depot, Marine  
  52  4:33  SCV  
  52  4:35  SCV  
  52  4:37  Barracks  
  54  4:49  Banshee  
  54  4:50  SCV x2, Siege Tank  
  62  4:54  Barracks  
  62  5:04  Supply Depot  
  62  5:05  Supply Depot  
  62  5:09  SCV x2, Marine x2  
  66  5:15  Engineering Bay x2  
  66  5:19  Refinery  
  66  5:22  SCV x2  
  68  5:33  Orbital Command  
  68  5:35  Refinery  
  68  5:41  SCV x2  
  67  5:45  Factory Tech Lab  
  67  5:46  Terran Infantry Weapons Level 1, Terran Infantry Armor Level 1  
  67  5:49  Stimpack  
  67  5:50  Marine x4  
  67  5:56  Combat Shield  
  71  5:58  SCV  
  71  6:00  Supply Depot  
  69  6:04  Starport Reactor  
  69  6:07  SCV  
  69  6:08  Orbital Command, Marine  
  69  6:09  Marauder  
  69  6:10  Marauder  
  76  6:13  SCV  
  76  6:19  Siege Tank  
  76  6:23  SCV  
  76  6:25  SCV, Marine  
  82  6:26  Marine  
  82  6:30  Marauder  
  86  6:35  SCV x2  
  86  6:37  SCV  
  89  6:40  Bunker  
  89  6:42  Barracks  
  89  6:43  Barracks  
  90  6:47  SCV, Supply Depot  
  90  6:48  Medivac x2  
  90  6:49  SCV x2, Supply Depot  
  95  6:55  Marauder  
  95  6:58  Siege Tank  
  95  6:59  SCV  
  101  7:01  SCV  
  101  7:02  Refinery  
  101  7:03  Refinery  
  101  7:04  SCV  
  103  7:11  SCV  
  103  7:13  Supply Depot  
  103  7:14  SCV  
  107  7:16  SCV, Marauder  
  107  7:18  Concussive Shells, Marauder  
  110  7:23  SCV  
  110  7:26  Armory, SCV  
  110  7:28  SCV  
  110  7:29  Barracks Reactor  
  113  7:30  Siege Tank  
  113  7:35  SCV, Marine x2  
  119  7:37  Supply Depot  
  119  7:38  SCV  
  100  7:52  Marauder  
  100  7:55  Marine  
  100  7:56  Marauder, Marine  
  95  8:00  Viking  
  95  8:02  Orbital Command, Siege Tank  
  81  8:06  Marine x2  
  81  8:11  SCV  
  79  8:13  Marauder, Marine x2  
  79  8:15  Barracks Tech Lab  
  79  8:17  Terran Infantry Armor Level 2, Marauder, Terran Infantry Weapons Level 2  
  79  8:18  SCV  
  83  8:24  Marine x2  
  84  8:28  SCV  
  84  8:32  Viking  
  87  8:34  Siege Tank  
  87  8:36  Marine x3  
  87  8:37  Marine  
  87  8:39  Marauder  
  96  8:42  SCV x2, Marine x2  
  100  8:52  Viking  
  100  8:53  SCV, Marine  
  100  8:54  SCV  
  100  8:55  SCV  
  106  8:56  Supply Depot  
  106  8:57  Supply Depot  
  106  9:02  Marine  
  108  9:04  Viking  
  109  9:16  Supply Depot  
  109  9:17  Marine x3, Siege Tank  
  109  9:18  Marauder  
  109  9:23  Terran Vehicle Weapons Level 1, Marine  
  120  9:24  Marauder, Ghost Academy  
  120  9:27  SCV  
  120  9:29  Orbital Command  
  121  9:40  Medivac x2  
  123  9:45  SCV  
  123  9:46  SCV  
  123  9:47  Marine  
  123  9:48  Marauder  
  123  9:50  Marine x2  
  134  9:54  Ghost  
  134  9:58  SCV  
  134  9:59  SCV  
  135  10:00  SCV, Refinery  
  135  10:03  Refinery  
  137  10:10  SCV  
  137  10:12  SCV x2  
  140  10:17  Marine  
  140  10:19  Marine  
  140  10:20  Marauder, Siege Tank  
  146  10:24  Marauder  
  146  10:31  Bunker, Ghost  
  134  10:40  Ghost  
  134  10:42  SCV  
  125  10:46  SCV  
  125  10:49  SCV  
  114  10:51  Marine  
  114  10:54  SCV  
  114  10:56  Marine x2  
  118  10:59  Siege Tank  
  118  11:03  Viking  
  122  11:04  Viking  
  122  11:11  Marauder, Marine x3  
  127  11:12  Marine  
  127  11:14  SCV, Orbital Command, Marine  
  127  11:16  SCV  
  128  11:29  SCV  
  130  11:33  Liberator  
  134  11:41  SCV  
  134  11:43  Siege Tank  
  134  11:47  Ghost  
  136  11:50  SCV  
  136  11:54  SCV  
Show
View Real Time Build Order
Export as new Build Order

DisK Protoss - Winner!

Build Orders: Blink Stalkers, Colossus Rush 

Get SALT Encoding   

  12  0:00  Probe  
  13  0:12  Probe  
  14  0:17  Pylon  
  14  0:24  Probe  
  15  0:36  Probe (Chrono Boost), Gateway  
  16  0:46  Probe (Chrono Boost)  
  16  0:48  Assimilator  
  17  0:51  Probe (Chrono Boost)  
  18  1:02  Probe  
  19  1:15  Probe  
  20  1:23  Cybernetics Core  
  20  1:31  Probe  
  21  1:43  Probe  
  22  1:47  Nexus  
  22  1:48  Pylon  
  22  1:54  Assimilator  
  22  1:55  Probe  
  22  2:00  Warp Gate  
  23  2:03  Adept (Chrono Boost)  
  25  2:10  Probe  
  26  2:22  Probe  
  27  2:26  Stalker  
  29  2:34  Probe (Chrono Boost)  
  29  2:36  Twilight Council  
  30  2:46  Probe (Chrono Boost)  
  31  2:56  Gateway  
  31  2:59  Stalker  
  31  3:00  Probe (Chrono Boost)  
  31  3:01  Probe (Chrono Boost)  
  35  3:08  Blink (Chrono Boost)  
  35  3:10  Probe (Chrono Boost)  
  37  3:14  Probe (Chrono Boost)  
  37  3:17  Probe (Chrono Boost)  
  38  3:25  Probe x2 (Chrono Boost)  
  40  3:29  Pylon  
  40  3:32  Probe  
  40  3:33  Probe  
  42  3:37  Robotics Facility  
  42  3:45  Probe  
  42  3:47  Probe  
  42  3:56  Stalker x2, Assimilator  
  42  3:57  Probe  
  42  3:58  Assimilator  
  42  3:59  Probe  
  48  4:03  Pylon  
  48  4:10  Probe  
  48  4:12  Probe  
  50  4:22  Stalker  
  50  4:24  Pylon  
  52  4:25  Observer  
  52  4:26  Probe  
  52  4:27  Probe  
  52  4:30  Robotics Bay  
  55  4:34  Stalker  
  57  4:39  Probe  
  57  4:41  Probe  
  57  4:43  Nexus  
  59  4:48  Pylon  
  59  4:50  Observer  
  59  4:51  Probe  
  61  4:53  Probe  
  61  4:55  Pylon  
  62  5:00  Gateway  
  62  5:04  Gateway  
  62  5:06  Probe  
  63  5:07  Probe  
  64  5:27  Shield Battery  
  64  5:29  Stalker x2  
  64  5:30  Probe, Charge  
  64  5:31  Probe, Colossus (Chrono Boost)  
  64  5:34  Observer  
  76  5:41  Extended Thermal Lance (Chrono Boost)  
  76  5:43  Pylon  
  76  5:47  Gateway  
  76  5:50  Gateway  
  76  5:53  Probe  
  77  6:02  Zealot x2  
  77  6:03  Zealot  
  77  6:04  Zealot  
  85  6:06  Probe  
  85  6:07  Probe  
  85  6:08  Probe  
  88  6:15  Forge  
  88  6:18  Probe  
  88  6:19  Probe  
  88  6:22  Colossus (Chrono Boost)  
  88  6:23  Observer  
  90  6:30  Probe x2  
  90  6:32  Shield Battery  
  98  6:35  Pylon  
  98  6:38  Sentry x2  
  98  6:39  Sentry, Zealot  
  106  6:42  Zealot, Protoss Ground Weapons Level 1 (Chrono Boost)  
  107  6:49  Probe x2  
  107  6:52  Pylon  
  107  6:53  Probe  
  110  6:55  Pylon  
  110  6:57  Zealot  
  112  7:03  Observer  
  112  7:04  Warp Prism (Chrono Boost)  
  114  7:08  Zealot  
  114  7:11  Zealot x3  
  114  7:12  Zealot  
  124  7:16  Pylon  
  124  7:26  Nexus  
  124  7:29  Pylon  
  124  7:35  Gateway  
  124  7:37  Gateway  
  102  7:58  Zealot x2  
  102  7:59  Zealot x4  
  100  8:10  Probe x2  
  100  8:12  Assimilator  
  102  8:13  Assimilator  
  102  8:14  Probe, Gateway  
  102  8:15  Gateway  
  102  8:16  Robotics Facility  
  102  8:18  Zealot  
  102  8:19  Zealot x5  
  115  8:22  Probe  
  115  8:24  Forge  
  115  8:26  Templar Archives  
  116  8:27  Observer  
  116  8:31  Probe x2  
  119  8:34  Probe  
  120  8:41  Protoss Ground Armor Level 1 (Chrono Boost)  
  120  8:42  Probe  
  120  8:43  Probe x2  
  120  8:46  Probe, Sentry x3  
  120  8:47  Zealot x4  
  138  8:53  Forge  
  138  8:54  Probe  
  139  8:56  Probe  
  139  8:57  Assimilator  
  140  9:03  Assimilator  
  140  9:08  High Templar x4  
  140  9:09  Zealot, High Templar x2  
  154  9:10  Protoss Ground Weapons Level 2 (Chrono Boost), Zealot x2  
  154  9:11  Zealot  
  154  9:12  Archon x2  
  154  9:13  Archon  
  160  9:22  Probe x3, Dark Shrine  
  163  9:34  Pylon  
  163  9:35  Pylon  
  163  9:36  Probe x3  
  164  9:45  Pylon  
  164  9:46  Pylon  
  164  9:51  Colossus  
  164  9:52  Probe  
  171  9:54  High Templar x4  
  171  9:56  Nexus  
  171  9:58  Pylon, Archon x2  
  171  9:59  Pylon  
  179  10:00  Pylon  
  179  10:10  Stalker x6  
  191  10:17  Pylon  
  191  10:23  Gravitic Boosters  
  191  10:27  Zealot x4  
  161  10:45  Zealot x6  
  167  10:50  Zealot x3  
  167  10:51  Zealot  
  167  10:53  Probe x2  
  175  10:57  Stargate  
  175  11:01  Immortal x2  
  177  11:13  Zealot x6  
  177  11:14  Zealot  
  189  11:38  Stalker  
  189  11:39  Stalker x2, Zealot x4  
  198  11:42  Zealot  
  200  11:47  Photon Cannon  
  200  11:48  Shield Battery  
  200  11:53  Photon Cannon  
  200  11:54  Shield Battery  
  200  11:56  Pylon  
  192  12:04  Zealot x6  
  192  12:05  Zealot x2  
  144  12:19  Zealot  
  144  12:20  Zealot x6  
Tags
 
Add a new tag
Caveats
  • Supply blocks, unpowered buildings, or Contaminate may cause inaccurate times.
  • Supply counts are checked every 10 seconds.